 Dungeon Crawl Stone Soup version 0.26-a0-834-g69557b85cc (webtiles) character file.

Game seed: 4826771112849348268

5341 djmy96 the Cleaver (level 10, 0/89 HPs)
             Began as a Hill Orc Fighter on Nov 16, 2020.
             Was a Priest of Okawaru.
             Slain by an orc warrior
             ... wielding a +0 war axe
              (4 damage)
             ... on level 1 of the Orcish Mines.
             The game lasted 00:13:05 (10485 turns).

djmy96 the Cleaver (Hill Orc Fighter)              Turns: 10485, Time: 00:13:06

Health: 0/89       AC: 14    Str: 23    XL:     10   Next: 65%
Magic:  10/10      EV: 10    Int:  4    God:    Okawaru [***...]
Gold:   620        SH: 11    Dex: 10    Spells: 9/9 levels left

rFire    . . .     SeeInvis .   E - +0 hand axe (flame)
rCold    . . .     Faith    .   c - +0 kite shield
rNeg     . . .     Spirit   .   b - +0 scale mail
rPois    +         Reflect  .   N - +1 helmet
rElec    .         Harm     .   p - +0 cloak
rCorr    .         Rampage  .   j - +1 pair of gloves {archery}
MR       .....                  (no boots)
Stlth    ..........             (no amulet)
HPRegen  0.24/turn              l - ring of poison resistance
MPRegen  0.12/turn              O - -4 ring of intelligence (curse)

@: no status effects
A: no striking features
a: Heroism, Renounce Religion


You were on level 1 of the Orcish Mines.
You worshipped Okawaru.
Okawaru was most pleased with you.
You visited 3 branches of the dungeon, and saw 11 of its levels.
You also visited: Ossuary.

You collected 643 gold pieces.
You spent 23 gold pieces at shops.

Inventory:

Hand Weapons
 a - a +1 war axe
 E - a +0 hand axe of flaming (weapon)
Missiles
 w - 8 poisoned darts (quivered)
 P - 3 boomerangs of dispersal
Armour
 b - a +0 scale mail (worn)
 c - a +0 kite shield (worn)
 j - a +1 pair of gloves of archery (worn)
 p - a +0 cloak (worn)
 N - a +1 helmet (worn)
Jewellery
 l - a ring of poison resistance (left hand)
 r - an uncursed ring of ice
 O - a cursed -4 ring of intelligence (right hand)
Wands
 q - a wand of iceblast (10)
 A - a wand of polymorph (7)
 B - a wand of acid (9)
 C - a wand of enslavement (7)
 I - a wand of random effects (18)
Scrolls
 e - 6 scrolls of teleportation
 f - 9 scrolls of identify
 h - 4 scrolls of blinking {unknown}
 k - 3 scrolls of magic mapping
 o - 5 scrolls of enchant weapon
 u - 4 scrolls of remove curse
 x - 2 scrolls of immolation {unknown}
 y - a scroll of random uselessness {unknown}
 F - a scroll of fear {unknown}
 G - a scroll of vulnerability {unknown}
 J - a scroll of fog {unknown}
 K - a scroll of summoning {unknown}
 M - a scroll of amnesia {unknown}
Potions
 d - 2 potions of might
 g - 6 potions of curing {unknown}
 i - 4 potions of haste {unknown}
 m - 2 potions of brilliance {unknown}
 n - 2 potions of heal wounds {unknown}
 s - 4 potions of mutation {unknown}
 t - 2 potions of attraction {unknown}
 v - 2 potions of ambrosia {unknown}
 z - 2 potions of magic {unknown}
 D - 2 potions of cancellation {unknown}
 H - a potion of flight {unknown}
 L - 2 potions of lignification {unknown}


   Skills:
 + Level 8.3 Fighting
 + Level 12.5 Axes
 + Level 0.3 Throwing
 + Level 7.7 Armour
 + Level 3.2 Dodging
 + Level 1.7 Stealth
 + Level 8.0 Shields
 + Level 0.3 Invocations


You had 9 spell levels left.
You didn't know any spells.
Your spell library contained the following spells:

 Spells                   Type           Power        Failure   Level
 Corona                   Hex            #......      97%         1
 Magic Dart               Conj           #...         97%         1
 Blink                    Tloc           N/A          99%         2
 Call Imp                 Summ           #.......     99%         2
 Ensorcelled Hibernation  Hex/Ice        #.....       99%         2
 Slow                     Hex            #.......     99%         2
 Confusing Touch          Hex            #.......     100%        3
 Conjure Flame            Conj/Fire      #.......     100%        3
 Dazzling Flash           Conj/Hex       #.....       100%        3
 Mephitic Cloud           Conj/Pois/Air  #.......     100%        3
 Tukima's Dance           Hex            #.......     100%        3


Dungeon Overview and Level Annotations

Branches:
Dungeon (9/15)             Temple (1/1) D:6             Orc (1/2) D:9
Ossuary (visited)
   Lair: D:8-11

Altars:
Elyvilon
Fedhas
Hepliaklqana
Kikubaaqudgha
Nemelex Xobeh
Okawaru
Qazlal
Ru
Sif Muna
Trog
Uskayaw
Vehumet
Xom
Zin
The Shining One

Shops:
D:4 !   D:6 ?   D:7 !

Annotations:
D:5 3 runed translucent doors, Eryximachus's ghost, amateur OpIE


Message History

You hit the orc warrior. You burn the orc warrior.
The orc warrior is lightly wounded.
You hit the warg. You burn the warg.
You kill the warg!
Okawaru accepts your kill.
Your Shields skill increases to level 8!
You hit the orc warrior. You burn the orc warrior.
The orc warrior is moderately wounded.
The orc warrior hits you with a +0 war axe.
* * * LOW HITPOINT WARNING * * *
You barely miss the orc warrior.
The orc warrior is moderately wounded.
The orc warrior hits you with a +0 war axe.
* * * LOW HITPOINT WARNING * * *
You hit the orc warrior but do no damage.
The orc warrior is moderately wounded.
You slash the orc warrior! You burn the orc warrior.
The orc warrior is severely wounded.
The orc warrior hits you with a +0 war axe.
You die...

#..#.............#
..#....#.......#.#
........#........#
.......$..$......#
.......<>.....o...
............#....
#............#
...........o##
#..........)@#
###......$....#
##.......#....
#.............#
##..#...##..$.#
#...#.## #..##
...### ### ..


You could see an orc warrior.

Vanquished Creatures
  Harold (D:8)
  Pikel (D:9)
  A troll (Orc:1)
  Prince Ribbit (D:8)
  Grinder (D:5)
  Menkaure (D:7)
  A warg (Orc:1)
  2 water moccasins (D:8)
  2 orc warriors
  3 phantoms
  An ice beast (D:7)
  3 black bears
  A necrophage (D:5)
  4 ogres
  2 lemures (D:9)
  A big kobold (D:9)
  5 bullfrogs
  3 scorpions
  3 wights (D:8)
  A howler monkey (D:6)
  4 orc priests
  A bullfrog skeleton (D:8)
  8 orc wizards
  A gnoll shaman (D:7)
  3 hounds
  A jelly (D:7)
  3 iguanas
  6 worker ants
  2 hound skeletons
  4 mummies (Ossuary)
  A worker ant zombie (D:7)
  14 gnolls
  9 adders
  2 shadow imps
  2 white imps
  An ufetubus (D:8)
  An ooze (D:2)
  An adder zombie (D:8)
  A worm (D:2)
  A dart slug (D:4)
  3 leopard geckos
  23 orcs
  3 ball pythons
  2 giant cockroaches
  3 gnoll zombies (Ossuary)
  5 goblins
  8 hobgoblins
  6 jackals
  11 kobolds
  3 quokkas
  3 bats
  7 frilled lizards
  5 gnoll skeletons (Ossuary)
  4 goblin skeletons (Ossuary)
  3 goblin zombies (Ossuary)
  2 hobgoblin skeletons (Ossuary)
  6 hobgoblin zombies (Ossuary)
  A jackal zombie (D:5)
  5 kobold skeletons (Ossuary)
  5 kobold zombies (Ossuary)
  6 orc skeletons (Ossuary)
  2 orc zombies (Ossuary)
  4 rats
  3 rat skeletons (Ossuary)
  6 rat zombies (Ossuary)
233 creatures vanquished.

Vanquished Creatures (others)
  4 fungi (D:6)
4 creatures vanquished.

Grand Total: 237 creatures vanquished

Notes
Turn   | Place    | Note
-------+----------+-------------------------------------------
     0 | D:1      | djmy96 the Hill Orc Fighter began the quest for the Orb.
     0 | D:1      | Reached XP level 1. HP: 19/19 MP: 1/1
   489 | D:1      | Reached XP level 2. HP: 25/27 MP: 2/2
   556 | D:1      | Reached skill level 3 in Axes
   784 | D:2      | Reached XP level 3. HP: 15/33 MP: 3/3
  1113 | D:2      | You fall into a shaft and drop 2 floors!
  1290 | D:4      | Found Jiuptykh's Distillery.
  1298 | D:4      | Bought a potion of degeneration for 11 gold pieces
  1368 | D:4      | Found a stormy altar of Qazlal.
  1648 | D:4      | Reached skill level 4 in Axes
  1648 | D:4      | Reached XP level 4. HP: 15/40 MP: 4/4
  2114 | D:3      | Noticed a bullfrog
  2123 | D:3      | Killed a bullfrog
  2124 | D:3      | Reached XP level 5. HP: 40/46 MP: 5/5
  2533 | D:3      | Reached skill level 1 in Dodging
  2686 | D:3      | Reached skill level 5 in Axes
  2699 | D:3      | Reached XP level 6. HP: 19/53 MP: 6/6
  3594 | D:5      | Entered Level 5 of the Dungeon
  3603 | D:5      | Noticed Eryximachus's ghost (amateur OpIE)
  3610 | D:5      | Found a runed translucent gate.
  3610 | D:5      | Found a runed translucent gate.
  3610 | D:5      | Found a runed translucent gate.
  3803 | D:5      | Noticed a necrophage
  3819 | D:5      | Killed a necrophage
  3908 | D:5      | Reached skill level 6 in Axes
  3908 | D:5      | Reached XP level 7. HP: 39/60 MP: 7/7
  4055 | D:5      | Noticed Grinder
  4093 | D:5      | Paralysed by Grinder for 3 turns
  4097 | D:5      | Killed Grinder
  4098 | D:5      | Reached skill level 5 in Fighting
  4098 | D:5      | Reached skill level 7 in Axes
  4098 | D:5      | Reached skill level 5 in Armour
  4665 | D:5      | Found a shimmering altar of Xom.
  4768 | D:6      | Found a staircase to the Ecumenical Temple.
  4775 | Temple   | Entered the Ecumenical Temple
  4782 | Temple   | Became a worshipper of Warmaster Okawaru
  4932 | D:6      | Reached skill level 8 in Axes
  4932 | D:6      | Reached XP level 8. HP: 25/69 MP: 8/8
  5201 | D:6      | Reached skill level 5 in Shields
  5220 | D:6      | Found Iceow's Magic Scroll Boutique.
  5402 | D:6      | Bought a scroll of noise for 12 gold pieces
  5713 | D:6      | Reached * piety under Okawaru
  6268 | D:6      | Reached skill level 9 in Axes
  6454 | D:7      | Found Yqehiwk's Distillery.
  6486 | D:7      | Found a sand-covered staircase.
  6500 | Ossuary  | Entered an ossuary
  7047 | D:7      | Reached skill level 10 in Axes
  7047 | D:7      | Reached XP level 9. HP: 77/78 MP: 9/9
  7483 | D:7      | Noticed Menkaure
  7488 | D:7      | Killed Menkaure
  7488 | D:7      | Reached ** piety under Okawaru
  8078 | D:7      | Found a stormy altar of Qazlal.
  8464 | D:8      | Noticed Harold
  8514 | D:8      | Reached skill level 11 in Axes
  9040 | D:8      | Reached *** piety under Okawaru
  9051 | D:8      | Found a bloodstained altar of Trog.
  9085 | D:8      | Noticed Prince Ribbit
  9099 | D:8      | Killed Harold
  9100 | D:8      | Reached skill level 1 in Stealth
  9100 | D:8      | Reached XP level 10. HP: 40/88 MP: 7/10
  9109 | D:8      | Killed Prince Ribbit
  9110 | D:8      | Reached skill level 12 in Axes
  9471 | D:9      | Noticed Pikel
  9473 | D:9      | Found a staircase to the Orcish Mines.
  9498 | D:9      | Killed Pikel
  9651 | D:9      | Received a gift from Okawaru
 10454 | Orc:1    | Entered Level 1 of the Orcish Mines
 10482 | Orc:1    | HP: 4/89 [orc warrior/+0 war axe (6)]
 10485 | Orc:1    | Slain by an orc warrior

Illustrated notes

Levels and vault maps discovered:
D:1:      ebering_trefoil_twist, layout_basic
D:2:      layout_basic, minmay_pentomino_t4
D:3:      layout_loops_ring, amethyst_killhole, nrook_mini_backslash
D:4:      layout_loops_ring, serial_shops, shop, grunt_qazlal_clouds
D:5:      layout_loops_ring, kennysheep_little_box, gammafunk_ghost_split,
          uniq_grinder
D:6:      mumra_celtic_spiral_tile, layout_rooms,
          minmay_temple_entry_statues_fountains, serial_shops, shop_statue,
          serial_aquarium, aquarium_bridge_straight [aquarium_subvault_bridge,
          aquarium_subvault_balcony, aquarium_subvault_bridge,
          aquarium_subvault_window], aquarium_bridge_square
          [aquarium_subvault_balcony, aquarium_subvault_bridge,
          aquarium_subvault_bridge, aquarium_subvault_wall],
          aquarium_window_fake, aquarium_window_corridor_2,
          aquarium_window_fake, aquarium_view_2c
D:7:      layout_layer_cave, basic_altar, lightli_ossuary_entry_decrepit_ruins,
          serial_shops, shop_statue, kennysheep_decorative_pillar, minivault_22,
          minmay_joined_circles, uniq_menkaure
D:8:      layout_rooms, trog_ov_bears_minmay, uniq_prince_ribbit1, uniq_harold
D:9:      layout_basic, david_orc_2, uniq_pikel
Temple:   dpeg_three_leaves_temple
Orc:1:    layout_caves, nicolae_orc_flooded_monolith, mines1_david

Skill      XL: |  1  2  3  4  5  6  7  8  9 10 |
---------------+-------------------------------+-----
Axes           | 3 4 5 6 8 10 11 12 | 12.5
Fighting       | 4 5 6 7 8 |  8.3
Shields        | 4 5 7 8 |  8.0
Armour         | 4 5 6 7 |  7.7
Dodging        | 1 2 3 |  3.2
Stealth        | 1 |  1.7
Throwing       | |  0.3
Invocations    | |  0.3

Action                   |  1- 3 |  4- 6 |  7- 9 | 10-12 || total
-------------------------+-------+-------+-------+-------++-------
Melee: War axe           |   165 |   157 |   421 |       ||   743
       Hand axe          |       |       |    76 |   143 ||   219
Throw: Throwing net      |       |       |     2 |       ||     2
Invok: Heroism           |       |       |     1 |       ||     1
  Use: Scroll            |     1 |     3 |     3 |       ||     7
       Potion            |       |       |     1 |       ||     1
 Stab: Held in net/web   |       |       |     2 |       ||     2
Armor: Scale mail        |    96 |    77 |   151 |    45 ||   369
Dodge: Dodged            |    68 |    54 |   115 |    34 ||   271
Block: Kite shield       |    86 |    83 |   205 |    60 ||   434

Table legend: (Time is in decaauts)
 A = Elapsed time spent in this place.
 B = Non-inter-level travel time spent in this place.
 C = Inter-level travel time spent in this place.
 D = Time resting spent in this place.
 E = Time spent auto-exploring this place.
 F = Levels seen in this place.
 G = Mean time per level.
                   A        B        C        D        E       F      G
               +--------+--------+--------+--------+--------+-----+--------+
         Total |  10599 |  10176 |    423 |     71 |   8250 |  12 |  883.2 |
       Dungeon |  10048 |   9625 |    423 |      3 |   8010 |   9 | 1116.4 |
        Temple |     99 |     99 |      0 |     68 |      0 |   1 |   99.0 |
  Orcish Mines |     23 |     23 |      0 |      0 |      0 |   1 |   23.0 |
       Ossuary |    428 |    428 |      0 |      0 |    240 |   1 |  428.0 |
               +--------+--------+--------+--------+--------+-----+--------+

Top non-repeatable levels by time:
     D:6: 1580 daAuts
     D:7: 1381 daAuts
     D:5: 1233 daAuts
     D:8: 1164 daAuts
     D:3: 1128 daAuts
     D:1: 1056 daAuts
     D:4: 996 daAuts
     D:9: 987 daAuts
     D:2: 519 daAuts
 Ossuary: 428 daAuts
  Temple: 99 daAuts
   Orc:1: 23 daAuts
